 Dungeon Crawl Stone Soup version 0.32-a0-18-g89e19f1974 (webtiles) character file.

Game seed: 14397793551387794540

53 cforsyth the Changeling (level 3, -1/37 HPs)
             Began as an Oni Shapeshifter on Jan 16, 2024.
             Slain by Ijyb
             ... wielding a +0 dagger
              (3 damage)
             ... on level 3 of the Dungeon.
             The game lasted 00:02:09 (1584 turns).

cforsyth the Changeling (Oni Shapeshifter)          Turns: 1584, Time: 00:02:09

Health: -1/37      AC:  3    Str: 20    XL:     3   Next: 87%
Magic:  3/3        EV:  9    Int: 11    God:
Gold:   35         SH:  0    Dex:  8    Spells: 2/2 levels left

rFire   + .          .
                       - Unarmed
rCold   . . .        (no shield)
rNeg    . . .        a - +0 animal skin
rPois   .            (helmet currently unavailable)
rElec   .            (cloak currently unavailable)
rCorr   .            (gloves unavailable)
SInv    .            (boots unavailable)
Will    .....        (no amulet)
Stlth   +            i - ring of protection from fire
HPRegen 0.26/turn    (no ring)
MPRegen 0.08/turn

%: no passive effects
@: beast-form
A: beast (slay +1), large, unfitting armour, horns 1, tough skin 1, double
potion healing, drunken brawling
a: Begin Untransformation


You were on level 3 of the Dungeon.
You were a hulking beast.
You visited 1 branch of the dungeon, and saw 3 of its levels.

You collected 35 gold pieces.

Inventory:

Armour
 a - a +0 animal skin (worn)
Jewellery
 i - a ring of protection from fire (left hand)
Talismans
 c - a beast talisman
 d - a flux talisman
 h - a dragon-blood talisman
Wands
 m - a wand of mindburst (10)
Scrolls
 e - a scroll of revelation {unknown}
 f - 2 scrolls of identify {unknown}
 k - 2 scrolls of teleportation {unknown}
 l - a scroll of torment {unknown}
Potions
 b - a potion of lignification
 g - 3 potions of curing {unknown}
 j - a potion of resistance {unknown}
 n - a potion of heal wounds {unknown}
 o - a potion of might {unknown}


   Skills:
 + Level 3.1 Fighting
 - Level 1.7 Dodging
 + Level 3.2 Unarmed Combat
 + Level 3.4 Shapeshifting


You had 2 spell levels left.
You didn't know any spells.
Your spell library was empty.

Dungeon Overview and Level Annotations

Branches:
Dungeon (3/15)

Altars:

Annotations:
D:3 Ijyb, Robin


Innate Abilities, Weirdness & Mutations

You are a hulking beast.
Your limbs bulge with bestial killing power. (Slay +1)
You are too large for most types of armour.
You have a pair of small horns on your head.
You have tough skin. (AC +1)
You gain doubled healing and magic from potions.
Whenever you drink a healing potion, you attack all around you.


Message History

Ijyb hits you with a +0 dagger.
You are too injured to fight recklessly!
You are too injured to fight recklessly!
You are too injured to fight recklessly!
You are too injured to fight recklessly!
You are too injured to fight recklessly!
You are too injured to fight recklessly!
You are too injured to fight recklessly!
You are too injured to fight recklessly!
You are too injured to fight recklessly!
You are too injured to fight recklessly!
You are too injured to fight recklessly!
You are too injured to fight recklessly!
You are too injured to fight recklessly!
You barely miss Ijyb.
Ijyb is heavily wounded.
Ijyb hits you with a +0 dagger.
You barely miss Ijyb. Your headbutt misses Ijyb.
Ijyb is heavily wounded.
Ijyb hits you with a +0 dagger.
You closely miss Ijyb.
Ijyb is heavily wounded.
Ijyb barely misses you.
You barely miss Ijyb.
Ijyb is heavily wounded.
Ijyb hits you with a +0 dagger.
You hit Ijyb. Your headbutt misses Ijyb.
Ijyb is severely wounded.
Ijyb closely misses you.
You hit Ijyb. You headbutt Ijyb, but do no damage.
Ijyb is almost dead.
Ijyb hits you but does no damage.
You hit Ijyb but do no damage. Your headbutt misses Ijyb.
Ijyb is almost dead.
Ijyb zaps a wand.
The bolt of dispelling energy hits you!
* * * LOW HITPOINT WARNING * * *
You hit Ijyb but do no damage. You headbutt Ijyb.
Ijyb is almost dead.
Ijyb hits you with a +0 dagger.
You die...

..........#
..........#
..........#
..........#
.......<..#
......g..g#
.......g..#
########
......g.g.#
#.g....#
......ggg.#
#..h...#
.......g..#
#......#
..........#
#......#
###########
#......#
#........
###.......
#........
#........


You could see Ijyb.

Vanquished Creatures
  A dart slug (D:2)
  A ribbon worm (D:2)
  4 ball pythons
  5 endoplasms
  3 goblins
  7 hobgoblins
  8 jackals (D:2)
  A quokka (D:1)
  3 bats (D:1)
  A frilled lizard (D:1)
  2 kobolds
  6 rats
42 creatures vanquished.

Notes
Turn   | Place    | Note
-------+----------+-------------------------------------------
     0 | D:1      | cforsyth the Oni Shapeshifter began the quest for the Orb.
     0 | D:1      | Reached XP level 1. HP: 19/19 MP: 1/1
   111 | D:1      | Reached XP level 2. HP: 28/28 MP: 2/2
   627 | D:2      | Reached XP level 3. HP: 36/36 MP: 3/3
  1465 | D:3      | Noticed Robin
  1572 | D:3      | Noticed Ijyb
  1584 | D:3      | Slain by Ijyb

Illustrated notes

Levels and vault maps discovered:
D:1:      minmay_arrival_stair_chambers, layout_rooms
D:2:      layout_basic, minivault_24, chequers_serial_rivers_micro_e,
          kennysheep_generic_room_10
D:3:      layout_basic, uniq_ijyb, uniq_grinder, uniq_robin

Skill      XL: |  1  2  3 |
---------------+----------+-----
Fighting       | 2 3 |  3.1
Unarmed Combat | 3 |  3.2
Dodging        | |  1.7
Shapeshifting  | |  3.4

Action                     || total
---------------------------++-------
  Melee: Unarmed           ||    93
         Headbutt          ||    20
         Punch             ||     1
   Stab: Sleeping          ||     1
 Armour: Animal skin       ||    53
  Dodge: Dodged            ||    43

Table legend: (Time is in decaauts)
 A = Elapsed time spent in this place.
 B = Non-inter-level travel time spent in this place.
 C = Inter-level travel time spent in this place.
 D = Time resting spent in this place.
 E = Time spent auto-exploring this place.
 F = Levels seen in this place.
 G = Mean time per level.
                   A        B        C        D        E       F      G
               +--------+--------+--------+--------+--------+-----+--------+
         Total |   1577 |   1503 |     74 |      0 |   1212 |   3 |  525.7 |
       Dungeon |   1577 |   1503 |     74 |      0 |   1212 |   3 |  525.7 |
               +--------+--------+--------+--------+--------+-----+--------+

Top non-repeatable levels by time:
     D:2: 1063 daAuts
     D:1: 500 daAuts
     D:3: 13 daAuts
